 Dungeon Crawl Stone Soup version 0.22-a0-126-g307c7c3 (webtiles) character file.

21 Lathuz the Covered (level 2, 27/27 HPs)
             Began as a Minotaur Fighter on Feb 9, 2017.
             Quit the game on level 1 of the Dungeon on Jan 30, 2018.
             The game lasted 00:02:13 (529 turns).

Lathuz the Covered (Minotaur Fighter)                Turns: 529, Time: 00:02:14

Health: 27/27      AC:  7    Str: 20    XL:     2   Next: 65%
Magic:  1/1        EV:  7    Int:  5    God:
Gold:   30         SH:  9    Dex:  9    Spells: 1/1 levels left

rFire    . . .     SeeInvis .   a - +0 war axe
rCold    . . .     Gourm    .   c - +0 shield
rNeg     . . .     Faith    .   b - +0 scale mail
rPois    .         Spirit   .   (helmet restricted)
rElec    .         Reflect  .   (no cloak)
rCorr    .         Harm     .   (no gloves)
MR       .....                  (no boots)
Stlth    ..........             (no amulet)
HPRegen  0.09/turn              (no ring)
MPRegen  0.07/turn              (no ring)

@: no status effects
A: retaliatory headbutt, horns 2
a: no special abilities


You were on level 1 of the Dungeon.
You were not hungry.

You visited 1 branch of the dungeon, and saw 1 of its levels.

You collected 30 gold pieces.

Inventory:

Hand Weapons
 a - a +0 war axe (weapon)
Missiles
 q - 28 stones (quivered)
Armour
 b - a +0 scale mail (worn)
 c - a +0 shield (worn)
Scrolls
 e - a scroll of blinking {unknown}
 g - 3 scrolls of remove curse {unknown}
 h - 2 scrolls of magic mapping {unknown}
 k - a scroll of noise {unknown}
 m - a scroll of enchant armour {unknown}
 n - a scroll of teleportation {unknown}
Potions
 d - a potion of might
 j - a potion of brilliance {unknown}
 o - 2 potions of heal wounds {unknown}
 p - a potion of curing {unknown}
Comestibles
 f - 2 rations
 i - 3 chunks of flesh
 l - a ration


   Skills:
 + Level 3.9 Fighting
 * Level 3.2 Axes
 + Level 4.0 Armour
 - Level 3.6 Shields


You had one spell level left.
You didn't know any spells.

Dungeon Overview and Level Annotations

Branches:
Dungeon (1/15)

Altars:


Innate Abilities, Weirdness & Mutations

You reflexively headbutt those who attack you in melee.
You have a pair of horns on your head.


Message History

You see here a club.
You see here a whip.
q - 27 stones
q - 28 stones (gained 1)
You now have 30 gold pieces (gained 11).
Found a stone staircase leading down.
There is a stone staircase leading down here.
As you open the door, it creaks loudly!
A leopard gecko comes into view.
There is an open door here.
You block the leopard gecko's attack.
You hit the leopard gecko.
You kill the leopard gecko!
No target in view!
No target in view!
f - 2 rations (gained 1)
A kobold comes into view. It is wielding a whip.
The kobold shouts!
Found a stone staircase leading down.
Are you sure you want to abandon this character and quit the game? (Confirm with "yes".)

#..........
###########..........
..........#..........
..........#..........
..........#.........
................#.#
................#.#
########........#.#####.
................@.....K>
######.#................
#.#.#######........
#.#.# #........ #.#.#
#........ #.#.#
##.###### # #.#.+ .#
######.### $# .......#


You could see a kobold.

Vanquished Creatures
  2 leopard geckos (D:1)
  A giant cockroach (D:1)
  2 goblins (D:1)
  5 jackals (D:1)
  A bat (D:1)
  A frilled lizard (D:1)
  3 kobolds (D:1)
  3 rats (D:1)
18 creatures vanquished.

Notes
Turn   | Place    | Note
-------+----------+-------------------------------------------
     0 | D:1      | Lathuz the Minotaur Fighter began the quest for the Orb.
     0 | D:1      | Reached XP level 1. HP: 19/19 MP: 0/0
   269 | D:1      | Reached XP level 2. HP: 27/27 MP: 1/1
   343 | D:1      | Upgraded the game from 0.20-a0-622-g01f5896 to 0.22-a0-126-g307c7c3
   362 | D:1      | Reached skill level 4 in Armour
   529 | D:1      | Quit the game

Vault maps used:
D:1:      minmay_arrival_nine_rooms

Skill      XL: |  1  2 |
---------------+-------+-----
Axes           | 3 |  3.2
Armour         | 4 |  4.0
Fighting       | |  3.9
Shields        | |  3.6

Action                   || total
-------------------------++-------
Melee: War axe           ||    43
       Headbutt          ||     5
Armor: Scale mail        ||    11
Dodge: Dodged            ||    14
Block: Shield            ||    23

Table legend:
 A = Spawn XP
 B = Non-spawn XP
 C = Spawn XP percentage of total XP
 D = Spawn monster count
 E = Non-spawn monster count
 F = Spawn count percentage of total count
 G = Total turns spent on level
                    A         B        C        D         E        F      G
               +---------+---------+-------+---------+---------+-------+---------
         Total |       0 |       0 |   N/A |       0 |       0 |   N/A |   186
               +---------+---------+-------+---------+---------+-------+---------
               +---------+---------+-------+---------+---------+-------+---------
